 Dungeon Sprint DCSS version 0.23.0-28-g6fe0f4d (webtiles) character file.

Game seed: 7043054594483627718

965 Fang the Fighter (level 8, -4/85 HPs)
             Began as a Gargoyle Berserker on Feb 25, 2019.
             Was a High Priest of Trog.
             Splashed by Joseph's acid (13 damage)
             ... in the Dungeon (Sprint VII: "The Pits").
             The game lasted 00:01:22 (1080 turns).

Fang the Fighter (Gargoyle Berserker)               Turns: 1080, Time: 00:01:22

Health: -4/85      AC: 20    Str: 29    XL:     8   Next: 15%
Magic:  8/8        EV: 12    Int:  7    God:    Trog [*****.]
Gold:   0          SH:  0    Dex:  9    Spells: 7/7 levels left

rFire    . . .     SeeInvis .   n - +1 hand axe (freeze)
rCold    . . .     Gourm    .   (no shield)
rNeg     + . .     Faith    .   o - +3 chain mail
rPois    ∞         Spirit   .   (no helmet)
rElec    +         Reflect  .   (no cloak)
rCorr    .         Harm     .   (no gloves)
MR       .....     NoTele   +   (no boots)
Stlth    ..........             (no amulet)
HPRegen  0.24/turn              (no ring)
MPRegen  0.11/turn              (no ring)

@: berserking (expiring), very quick
A: negative energy resistance 1, electricity resistance, unbreathing,
petrification resistance, rot immunity, AC +5
a: Berserk, Trog's Hand, Brothers in Arms, Renounce Religion


You were in the Dungeon.
You worshipped Trog.
Trog was extremely pleased with you.
You were very hungry.

You visited 1 branch

Inventory:

Hand Weapons
 j - a +2 hand axe
 n - a +1 hand axe of freezing (weapon)
Armour
 b - a +0 animal skin
 o - a +3 chain mail (worn)
Scrolls
 i - a scroll of blinking
 k - 3 scrolls of remove curse
 l - a scroll of summoning
Potions
 a - 2 potions of invisibility
 d - 6 potions of curing
 e - 6 potions of heal wounds
 f - a potion of haste
 g - 4 potions of magic
 h - 3 potions of berserk rage
Comestibles
 c - 8 rations
 m - 3 chunks of flesh


   Skills:
 + Level 10.1 Fighting
 + Level 8.5 Axes
 + Level 9.8 Armour
 + Level 7.5 Dodging


You had 7 spell levels left.
You didn't know any spells.
Your spell library was empty.

Dungeon Overview and Level Annotations

Branches:
Dungeon (1/1)

Altars:

Annotations:
D Joseph


Innate Abilities, Weirdness & Mutations

You are resistant to torment.
Your stone body is resilient. (AC +5)
You are immune to poison.
You resist negative energy. (rN+)
You are resistant to electric shocks. (rElec)
You can survive without breathing.
You are immune to petrification.
You are immune to rotting.


Message History

The deep elf mage is almost dead.
You barely miss Joseph.
You hit the earth elemental but do no damage.
Joseph unwields a +0 hunting sling.
Joseph wields a +0 quarterstaff.
Joseph hits you but does no damage.
Unknown command.
You closely miss the deep elf mage.
The deep elf mage is almost dead.
You closely miss Joseph.
You hit the earth elemental but do no damage.
The deep elf mage hits you but does no damage.
The earth elemental closely misses you.
Unknown command.
You hit the deep elf mage. You freeze the deep elf mage.
The deep elf mage is almost dead.
You hit the earth elemental. You hit Joseph but do no damage.
Joseph zaps a wand.
The bolt of acid hits you but does no damage.
You are splashed with acid!
You die...

#.#####'#####...<...#
#)#...)))..##.......#
#.#..[.))..##.......#
#'###########.......#
#..#.#.##.. #########
#)).....#.######
##.#.#.##.#....#
#.......#)#E...#
##.#.#.##((@...+
#..)....#'#e@..#
##.#.#..'.#....#
###############


You could see Joseph, an earth elemental and a deep elf mage.

Vanquished Creatures
  A merfolk (D)
  A hungry ghost (D)
  Edmund (D)
  A floating eye (D)
  A scorpion (D)
  3 wights (D)
  A quasit (D)
  2 hounds (D)
  Terence (D)
  An iguana (D)
  2 worker ants (D)
  A gnoll (D)
  A river rat (D)
  An adder (D)
  An ooze (D)
  A worm (D)
  2 kobolds (D)
  A quokka (D)
  A bat (D)
  A rat (D)
25 creatures vanquished.

Notes
Turn   | Place    | Note
-------+----------+-------------------------------------------
     0 | D        | Fang the Gargoyle Berserker began the quest for the Orb.
     0 | D        | Reached XP level 1. HP: 14/14 MP: 1/1
    25 | D        | Reached skill level 4 in Fighting
    25 | D        | Reached XP level 2. HP: 12/20 MP: 2/2
   343 | D        | Reached XP level 3. HP: 17/24 MP: 3/3
   433 | D        | Reached ** piety under Trog
   526 | D        | Reached skill level 5 in Fighting
   530 | D        | Reached *** piety under Trog
   576 | D        | Reached XP level 4. HP: 31/31 MP: 4/4
   606 | D        | Noticed Terence
   612 | D        | Reached skill level 5 in Armour
   612 | D        | Noticed a floating eye
   618 | D        | Reached **** piety under Trog
   618 | D        | Reached skill level 6 in Fighting
   618 | D        | Reached skill level 5 in Axes
   618 | D        | Reached XP level 5. HP: 37/37 MP: 5/5
   618 | D        | Paralysed by a floating eye for 3 turns
   623 | D        | Paralysed by a floating eye for 3 turns
   626 | D        | Killed a floating eye
   626 | D        | Reached skill level 7 in Fighting
   626 | D        | Reached skill level 5 in Dodging
   626 | D        | Reached XP level 6. HP: 30/44 MP: 6/6
   654 | D        | Killed Terence
   657 | D        | Reached skill level 8 in Fighting
   658 | D        | Reached ***** piety under Trog
   930 | D        | Noticed a hungry ghost
   962 | D        | Killed a hungry ghost
   962 | D        | Reached skill level 9 in Fighting
   962 | D        | Reached XP level 7. HP: 51/51 MP: 7/7
   965 | D        | Noticed a merfolk
   978 | D        | Killed a merfolk
   982 | D        | Noticed Edmund
   992 | D        | Received a gift from Trog
  1018 | D        | Killed Edmund
  1018 | D        | Reached skill level 10 in Fighting
  1018 | D        | Reached XP level 8. HP: 47/57 MP: 8/8
  1068 | D        | Noticed a deep elf mage
  1068 | D        | Noticed Joseph
  1080 | D        | Splashed by Joseph's acid

Skill      XL: |  1  2  3  4  5  6  7 |
---------------+----------------------+-----
Fighting       | 4 5 6 7 9 10 | 10.1
Axes           | 3 4 5 6 7 8 |  8.5
Armour         | 3 4 5 7 8 9 |  9.8
Dodging        | 2 3 4 5 6 7 |  7.5

Action                   |  1- 3 |  4- 6 |  7- 9 || total
-------------------------+-------+-------+-------++-------
Melee: Hand axe          |    27 |    74 |    57 ||   158
Invok: Berserk           |     1 |     2 |     1 ||     4
  Eat: Chunk             |       |     3 |       ||     3
       Ration            |       |       |     1 ||     1
Armor: Animal skin       |     4 |       |       ||     4
       Chain mail        |     2 |    60 |    28 ||    90
Dodge: Dodged            |    17 |    43 |    23 ||    83
